 Dungeon Crawl Stone Soup version 0.17-a0-1984-g55f5988 (webtiles) character file.

442 Ordine the Conjurer (level 6, -2/32 HPs)
             Began as a Deep Elf Conjurer on Oct 6, 2015.
             Was an Initiate of Vehumet.
             Slain by an orc priest
             ... wielding a +0 hand axe
              (9 damage)
             ... on level 5 of the Dungeon.
             The game lasted 00:21:08 (4661 turns).

Ordine the Conjurer (Deep Elf Conjurer)             Turns: 4661, Time: 00:21:08

Health: -2/32      AC:  4    Str:  5    XL:     6   Next: 71%
Magic:  7/16       EV: 13    Int: 22    God:    Vehumet [......]
Gold:   229        SH:  0    Dex: 15    Spells: 3 memorised, 8 levels left

rFire  . . .     SeeInvis .     f - +4 dagger (speed)
rCold  . . .     Clarity  .     a - +0 robe
rNeg   . . .     SustAt   .     (no shield)
rPois  .         Gourm    .     m - +0 helmet (curse)
rElec  .         Spirit   .     i - +0 cloak {MR+}
rCorr  .         Warding  .     (no gloves)
rMut   .         Stasis   .     (no boots)
MR     +....                    (no amulet)
Stlth  ++........               (no ring)
                                (no ring)

@: somewhat resistant to hostile enchantments, unstealthy
A: no striking features
a: Renounce Religion


You were on level 5 of the Dungeon.
You worshipped Vehumet.
Vehumet was noncommittal.
You were not hungry.

You visited 2 branches of the dungeon, and saw 6 of its levels.

You collected 229 gold pieces.

Inventory:

Hand Weapons
 f - a +4 dagger of speed (weapon)
Armour
 a - a +0 robe (worn)
 i - a +0 cloak of magic resistance (worn)
 m - a cursed +0 helmet (worn)
Wands
 j - a wand of flame (48)
 l - a wand of polymorph (7)
 n - a wand of digging (2)
 v - a wand of cold (9)
Scrolls
 e - 2 scrolls of recharging
 g - a scroll of teleportation
 h - 2 scrolls of remove curse
Potions
 d - a potion of agility
 k - a potion of might
 o - 2 potions of degeneration {unknown}
 p - a potion of brilliance {unknown}
 s - a potion of cure mutation {unknown}
 u - a potion of heal wounds {unknown}
Books
 b - a book of Conjurations

   Spells                             Type                      Level
   a - Magic Dart                     Conjuration                  1
   b - Searing Ray                    Conjuration                  2
   c - Dazzling Spray                 Conjuration/Hexes            3
   d - Fulminant Prism                Conjuration/Hexes            4
   e - Iskenderun's Mystic Blast      Conjuration                  4
   f - Iskenderun's Battlesphere      Conjuration/Charms           5
 q - a book of Death

   Spells                             Type                      Level
   a - Corpse Rot                     Necromancy                   2
   b - Sublimation of Blood           Necromancy                   2
   c - Agony                          Necromancy                   5
   d - Dispel Undead                  Necromancy                   5
   e - Excruciating Wounds            Charms/Necromancy            5
   f - Bolt of Draining               Conjuration/Necromancy       5
Comestibles
 c - 4 bread rations
 r - 2 beef jerkies
 t - 3 chunks of flesh


   Skills:
 - Level 2.4 Dodging
 - Level 2.4 Stealth
 - Level 5.7 Spellcasting
 + Level 6.6 Conjurations
 + Level 5.1 Charms


You had 8 spell levels left.
You knew the following spells:

 Your Spells              Type           Power        Failure   Level  Hunger
a - Magic Dart            Conj           ####         1%          1    None
b - Searing Ray           Conj           #####.       1%          2    None
c - Iskenderun's Battles  Conj/Chrm      ####....     28%         5    #####..


Dungeon Overview and Level Annotations

Branches:
Dungeon (5/15)             Temple (1/1) D:4

Altars:
Ashenzari
Cheibriados
Dithmenos
Elyvilon
Fedhas
Gozag
Kikubaaqudgha
Makhleb
Nemelex Xobeh
Okawaru
Qazlal
Sif Muna
Trog
Vehumet
Xom
Yredelemnul
Zin
The Shining One


Message History

* * * LOW HITPOINT WARNING * * *
An orc priest comes into view. It is wielding a hand axe.
Read which item? (? for menu, Esc to quit)
Okay, then.
Unknown command.
Drink which item? (? for menu, Esc to quit)
Okay, then.
Casting: Magic Dart
Confirm with . or Enter, or press ? or * to list all spells.
Aiming: Searing Ray
Press: ? - help, Shift-Dir - straight line, f - orc priest, p - orc wizard
Aim: an orc priest, wielding a hand axe and wearing a scale mail (hasn't noticed you)
The searing ray hits the orc priest.
The orc priest is moderately wounded.
The orc priest shouts!
You hear a shout!
The searing ray hits the orc priest.
The orc priest is almost dead.
The searing ray misses the orc priest.
The orc priest hits you with a hand axe!
You die...

#.#..### .......
#......# #....).
#.. ... # .
##.##.# .# ..
#....o##.#####
#..#.....@o......
#.........#.#####
..#......# #
#.....## #####.#
##.# #..# ###.###
#.....#


You could see an orc priest and an orc wizard.

Vanquished Creatures
  Edmund (D:4)
  Blork the orc (D:4)
  Crazy Yiuf (D:3)
  A hound (D:2)
  An orc wizard (D:4)
  2 iguanas
  Robin (D:3)
  2 adders (D:2)
  2 oozes
  7 giant geckos
  4 orcs
  A ball python (D:3)
  7 bats
  8 giant cockroaches
  14 goblins
  7 hobgoblins
  3 jackals (D:1)
  2 kobolds (D:3)
  A quokka (D:3)
  2 giant gecko skeletons (D:4)
  7 giant newts
  13 rats
88 creatures vanquished.

Notes
Turn   | Place    | Note
--------------------------------------------------------------
     0 | D:1      | Ordine the Deep Elf Conjurer began the quest for the Orb.
     0 | D:1      | Reached XP level 1. HP: 10/10 MP: 6/6
   118 | D:1      | Reached XP level 2. HP: 9/15 MP: 0/8
   201 | D:1      | Learned a level 2 spell: Searing Ray
   255 | D:1      | Reached skill level 5 in Conjurations
  1076 | D:2      | Reached XP level 3. HP: 19/19 MP: 5/9
  1594 | D:2      | Found a deep blue altar of Sif Muna.
  1652 | D:2      | Found a burning altar of Makhleb.
  1789 | D:2      | Reached XP level 4. HP: 24/24 MP: 9/11
  1812 | D:2      | Found a snail-covered altar of Cheibriados.
  2356 | D:3      | Noticed Crazy Yiuf
  2362 | D:3      | Killed Crazy Yiuf
  2362 | D:3      | Reached skill level 6 in Conjurations
  2601 | D:3      | Noticed Robin
  2602 | D:3      | Reached XP level 5. HP: 24/28 MP: 9/14
  2611 | D:3      | Killed Robin
  2672 | D:3      | Learned a level 5 spell: Iskenderun's Battlesphere
  3140 | D:3      | Reached skill level 1 in Charms
  3345 | D:4      | Found a staircase to the Ecumenical Temple.
  3366 | Temple   | Entered the Ecumenical Temple
  3387 | Temple   | Became a worshipper of Vehumet
  3667 | D:4      | Reached skill level 5 in Spellcasting
  3849 | D:4      | Noticed Edmund
  3866 | D:4      | Killed Edmund
  3866 | D:4      | Reached XP level 6. HP: 4/32 MP: 6/16
  4247 | D:4      | Noticed Blork the orc
  4256 | D:4      | Killed Blork the orc
  4258 | D:4      | Reached skill level 5 in Charms
  4537 | D:5      | Entered Level 5 of the Dungeon
  4661 | D:5      | Slain by an orc priest

Vault maps used:
D:1:      ncdulo_watergridlock
D:2:      cheibriados_altar_1, lemuel_blue_sif_altar, makhleb_heckhound_becter
D:3:      uniq_crazy_yiuf_cottage, uniq_robin
D:4:      minmay_temple_entry_junction, kennysheep_minor_cross, uniq_edmund,
          uniq_blork_the_orc
D:5:      kennysheep_mini_moat, gup_sewer_entry_spiral, first_bread,
          nemelex_xobeh_ov_fountains_minmay
Temple:   nicolae_temple_elliptical

Action                   |  1- 3 |  4- 6 || total
-------------------------+-------+-------++-------
Melee: Unarmed           |     9 |     6 ||    15
 Cast: Magic Dart        |    62 |    76 ||   138
       Searing Ray       |     2 |    12 ||    14
  Use: Scroll            |       |     9 ||     9
       Potion            |       |     2 ||     2
  Eat: Chunk             |     2 |    10 ||    12
